 Dungeon Crawl Stone Soup version 0.26.0-16-gc1dbca0489 (webtiles) character file.

Game seed: 6768478433577368793

3042 thiole the Covert (level 9, -4/51 HPs)
             Began as an Octopode Hedge Wizard on Jan 19, 2021.
             Was an Initiate of Gozag.
             Slain by a vampire (7 damage)
             ... on level 9 of the Dungeon.
             The game lasted 00:27:18 (11749 turns).

thiole the Covert (Octopode Hedge Wizard)          Turns: 11749, Time: 00:27:18

Health: -4/51      AC:  1    Str: 16    XL:     9   Next: 86%
Magic:  5/19       EV: 13    Int: 19    God:    Gozag
Gold:   432        SH:  4    Dex: 11    Spells: 10/21 levels left

rFire    . . .     SeeInvis .   w - +4 dagger (venom)
rCold    + . .     Faith    .   i - +0 buckler
rNeg     . . .     Spirit   .   b - +0 hat
rPois    +         Reflect  .   (no amulet)
rElec    .         Harm     .   d - +6 ring of strength
rCorr    .         Rampage  .   h - ring of protection from cold
Will     .....                  p - ring of flight
Stlth    ++++++....             D - ring of stealth
HPRegen  0.17/turn              G - ring of poison resistance
MPRegen  0.16/turn              (no ring)
                                (no ring)
                                (no ring)

@: very slightly contaminated, invisible
A: almost no armour, stealthy swim, amphibious, 8 rings, constrict 8, camouflage
1, gelatinous body 1
a: Renounce Religion, Evoke Flight, Potion Petition, Call Merchant, Bribe Branch


You were on level 9 of the Dungeon.
You worshipped Gozag.
Gozag was aware of your devotion.
You visited 2 branches of the dungeon, and saw 10 of its levels.

You collected 621 gold pieces.
You paid 189 gold pieces to Gozag.

Inventory:

Hand Weapons
 a - a +0 dagger
 w - a +4 dagger of venom (weapon)
Armour
 b - a +0 hat (worn)
 i - a +0 buckler (worn)
Jewellery
 d - a +6 ring of strength (left tentacle)
 h - a ring of protection from cold (right tentacle)
 p - a ring of flight (on tentacle)
 D - a ring of stealth (on tentacle)
 G - a ring of poison resistance (on tentacle)
Wands
 c - a wand of random effects (53)
 q - a wand of flame (30)
 y - a wand of iceblast (5)
 E - a wand of paralysis (9)
Scrolls
 e - 3 scrolls of amnesia
 f - 2 scrolls of immolation
 g - a scroll of magic mapping {unknown}
 k - 2 scrolls of teleportation {unknown}
 m - 3 scrolls of enchant armour {unknown}
 n - 11 scrolls of remove curse
 o - a scroll of fog {unknown}
 r - 2 scrolls of enchant weapon {unknown}
 v - 2 scrolls of fear {unknown}
 x - 6 scrolls of identify
 K - a scroll of random uselessness {unknown}
Potions
 l - 2 potions of flight {unknown}
 s - 2 potions of berserk rage {unknown}
 t - 2 potions of lignification {unknown}
 u - a potion of ambrosia {unknown}
 z - 3 potions of curing
 A - 2 potions of attraction {unknown}
 B - 4 potions of brilliance {unknown}
 C - a potion of might {unknown}
 F - 2 potions of haste {unknown}
 H - a potion of mutation {unknown}
 I - a potion of degeneration {unknown}


   Skills:
 - Level 2.0 Dodging
 + Level 9.7 Stealth
 - Level 4.0 Shields
 + Level 6.9 Spellcasting
 - Level 2.0 Conjurations
 + Level 3.3 Summonings
 - Level 1.0 Translocations
 * Level 2.9 Fire Magic
 + Level 5.6 Air Magic
 - Level 4.0 Poison Magic


You had 10 spell levels left.
You knew the following spells:

 Your Spells              Type           Power        Failure   Level
a - Magic Dart            Conj           56%          4%          1
b - Mephitic Cloud        Conj/Pois/Air  21%          6%          3
c - Call Imp              Summ           19%          4%          2
d - Fireball              Conj/Fire      7%           71%         5

Your spell library contained the following spells:

 Spells                   Type           Power        Failure   Level
 Poisonous Vapours        Pois/Air       50%          1%          2
 Foxfire                  Conj/Fire      60%          3%          1
 Sting                    Tmut/Pois      56%          4%          1
 Blink                    Tloc           N/A          10%         2
 Conjure Flame            Conj/Fire      15%          11%         3
 Ignite Poison            Fire/Tmut/Pois 15%          12%         3
 Slow                     Hex            6%           16%         2
 Inner Flame              Hex/Fire       12%          17%         3
 Olgreb's Toxic Radiance  Pois           21%          21%         4
 Sticky Flame             Conj/Fire      15%          36%         4


Dungeon Overview and Level Annotations

Branches:
Dungeon (9/15)             Temple (1/1) D:6             Orc (0/2) D:9
   Lair: D:8-11

Altars:
Ashenzari
Cheibriados
Dithmenos
Elyvilon
Fedhas
Gozag
Hepliaklqana
Kikubaaqudgha
Makhleb
Nemelex Xobeh
Okawaru
Qazlal
Ru
Sif Muna
Trog
Uskayaw
Vehumet
Wu Jian
Xom
Yredelemnul
Zin
Beogh

Shops:
D:4 (=((

Annotations:
D:9 Prince Ribbit


Innate Abilities, Weirdness & Mutations

You cannot wear most types of armour.
You are very stealthy in the water. (Stealth+)
You are amphibious.
You can wear up to eight rings at the same time.
You can use your tentacles to constrict eight enemies at once.
Your skin changes colour to match your surroundings (Stealth+).
Your rubbery body absorbs attacks. (AC +1, EV +1)


Message History

Aiming: Iceblast
Press: ? - help, Shift-Dir - straight line, f - vampire
Aim: a vampire The mass of ice explodes!
The iceblast engulfs the vampire!
The vampire partially resists.
The vampire is moderately damaged.
You hear a shout! x3
Aiming: Paralyse
Press: ? - help, Shift-Dir - straight line, f/p - vampire
Aim: a vampire (moderately damaged, chance to affect: 28%)
The vampire easily resists.
The vampire barely misses you. The vampire closely misses you.
You fade into invisibility!
The vampire casts a spell at itself.
The vampire flickers and vanishes!
Deactivating autopickup; reactivate with Ctrl-A.
You are very lightly contaminated with residual magic.
Something hits you!
You die...
Your body crumbles into a pile of gold.

#.# ##..## #.# #..# #.
#.####..### #.# ##.# #.
##..##)....## #.# #.## ##.
#####.....).....###.# #..# ##..
.....###..#..#......# ##.###..#
....## #..#..###....### #....###
....# #..##..###.....####...##
#...####..##..###..##.......###
..........##...#@.####........###
....#......s.....## ##.........#
.####...#..#####.# #########.. #
##.........### #.# ###
#)..#...#.s# #.## # ##.####.# #
#..# # ##.# #.# #..## # #.## ##
#...### ### #.# ###..##


You could see a scorpion (wandering).

Vanquished Creatures
  Grinder (D:3)
  Duvessa (D:5)
  2 ice beasts
  2 sky beasts
  A phantom (D:6)
  2 orc warriors (D:9)
  A necrophage (D:9)
  3 ogres
  2 centaurs
  Dowan (D:5)
  4 scorpions
  3 howler monkeys
  A bullfrog zombie (D:7)
  3 hounds
  5 orc priests
  2 jellies
  A gnoll shaman (D:4)
  2 orc wizards
  4 iguanas
  Ijyb (D:3)
  7 worker ants
  2 hound zombies (D:5)
  2 hound skeletons
  A howler monkey zombie (D:8)
  11 adders
  11 gnolls
  A howler monkey skeleton (D:7)
  2 oozes
  A worm (D:6)
  3 dart slugs
  9 leopard geckos
  22 orcs
  5 giant cockroaches
  7 goblins
  15 hobgoblins
  2 jackals (D:1)
  7 kobolds
  2 quokkas
  10 bats
  5 frilled lizards
  A jackal zombie (D:5)
  A leopard gecko zombie (D:8)
  2 quokka skeletons
  14 rats
185 creatures vanquished.

Vanquished Creatures (collateral kills)
  A black bear (D:9)
  An orc warrior (D:6)
  2 orcs
4 creatures vanquished.

Vanquished Creatures (others)
  3 fungi (D:9)
3 creatures vanquished.

Grand Total: 192 creatures vanquished

Notes
Turn   | Place    | Note
-------+----------+-------------------------------------------
     0 | D:1      | thiole the Octopode Hedge Wizard began the quest for the
                  | Orb.
     0 | D:1      | Reached XP level 1. HP: 11/11 MP: 4/4
   175 | D:1      | Reached skill level 3 in Stealth
   175 | D:1      | Reached XP level 2. HP: 9/17 MP: 1/6
   641 | D:1      | Reached XP level 3. HP: 21/21 MP: 2/7
  2025 | D:2      | Reached XP level 4. HP: 23/27 MP: 5/9
  2164 | D:2      | Reached skill level 4 in Stealth
  2471 | D:2      | Found a white marble altar of Elyvilon.
  2729 | D:2      | Reached XP level 5. HP: 31/31 MP: 5/10
  3418 | D:3      | Reached skill level 5 in Stealth
  3633 | D:3      | Found a shadowy altar of Dithmenos.
  3681 | D:3      | Noticed Ijyb
  3693 | D:3      | Killed Ijyb
  3941 | D:3      | Reached XP level 6. HP: 19/36 MP: 4/12
  4097 | D:3      | Noticed Grinder
  4113 | D:3      | Killed Grinder
  4114 | D:3      | Reached skill level 7 in Stealth
  4114 | D:3      | Reached skill level 5 in Spellcasting
  4255 | D:3      | Found a basalt altar of Yredelemnul.
  4259 | D:3      | Reached XP level 7. HP: 41/41 MP: 11/14
  4489 | D:3      | Learned a level 3 spell: Mephitic Cloud
  4774 | D:4      | Found Bailis's Jewellery Shoppe.
  4905 | D:3      | Reached skill level 1 in Poison Magic
  5131 | D:4      | Reached skill level 1 in Air Magic
  5243 | D:4      | Found Xufatsuf's Antique Weapon Emporium.
  5608 | D:4      | Found Asmyb's Weapon Boutique.
  5841 | D:4      | Found Xoteame's Antique Weapon Emporium.
  5907 | D:5      | Entered Level 5 of the Dungeon
  5908 | D:5      | Found an ornate altar of the Wu Jian Council.
  5971 | D:5      | Learned a level 2 spell: Call Imp
  6076 | D:5      | Reached XP level 8. HP: 28/46 MP: 9/16
  6211 | D:5      | Reached skill level 1 in Shields
  6516 | D:5      | Noticed Duvessa
  6521 | D:5      | Noticed Dowan
  6527 | D:5      | Killed Duvessa
  6528 | D:5      | Reached skill level 8 in Stealth
  6535 | D:5      | Killed Dowan
  6966 | D:6      | Found a blossoming altar of Fedhas.
  7442 | D:6      | Reached XP level 9. HP: 29/51 MP: 12/18
  7638 | D:6      | Reached skill level 5 in Air Magic
  7822 | D:6      | Found a staircase to the Ecumenical Temple.
  7831 | Temple   | Entered the Ecumenical Temple
  8070 | D:7      | Reached skill level 9 in Stealth
  8932 | D:8      | Found a radiant altar of Vehumet.
 10246 | D:9      | Learned a level 5 spell: Fireball
 10597 | D:9      | Found a staircase to the Orcish Mines.
 10607 | D:9      | Reached skill level 1 in Fire Magic
 10669 | D:9      | Found a roughly hewn altar of Beogh.
 11050 | D:9      | Found a snail-covered altar of Cheibriados.
 11050 | D:9      | Found an iron altar of Okawaru.
 11050 | D:9      | Found an opulent altar of Gozag.
 11057 | D:9      | Became a worshipper of Gozag Ym Sagoz the Greedy
 11442 | D:9      | Noticed Prince Ribbit
 11586 | D:9      | Found a burning altar of Makhleb.
 11741 | D:9      | HP: 1/51 [vampire (14)]
 11749 | D:9      | Slain by a vampire

Illustrated notes

Levels and vault maps discovered:
D:1:      matt_arrival_los_fun, layout_basic, minmay_3d_cube
D:2:      minmay_general_purpose_star, layout_basic, general_overflow_altar
D:3:      layout_basic, grunt_dithmenos_smoke, nicolae_overflow_crystal_walls,
          bh_walls_and_bars, uniq_ijyb, uniq_grinder
D:4:      layout_loops_ring, serial_shops, nicolae_shop_stone, shop,
          kennysheep_mini, kennysheep_little_box, minmay_misc_feat_hallway
D:5:      layout_loops_cross, basic_altar, uniq_duvessa
D:6:      layout_cave_pools, minmay_temple_entry_statues_fountains,
          fedhas_altar_1
D:7:      layout_cave_pods
D:8:      nicolae_whirlpool, layout_gridville, vehumet_altar_wand_db
D:9:      old_forge, layout_layer_cave, gammafunk_temple_overflow_claw,
          makhleb_blood_cavern_becter, nicolae_tso_carved_into_rock,
          minmay_orc_entry_temple_small, chequers_arboretum,
          minmay_misc_feat_pillars, uniq_prince_ribbit1
Temple:   eino_temple_lava

Skill      XL: |  1  2  3  4  5  6  7  8  9 |
---------------+----------------------------+-----
Stealth        | 3 4 5 7 8 9 |  9.7
Conjurations   | 2 |  2.0
Summonings     | 2 3 |  3.3
Spellcasting   | 4 5 6 |  6.9
Poison Magic   | 3 4 |  4.0
Air Magic      | 2 4 5 |  5.6
Shields        | 2 4 |  4.0
Fire Magic     | 2 |  2.9
Dodging        | |  2.0
Translocations | |  1.0

Action                   |  1- 3 |  4- 6 |  7- 9 || total
-------------------------+-------+-------+-------++-------
Melee: Dagger            |    39 |    55 |   218 ||   312
       Tentacles         |     8 |     9 |    54 ||    71
       Constrict         |    12 |    10 |    54 ||    76
 Cast: Magic Dart        |    67 |   101 |   220 ||   388
       Call Imp          |       |       |    25 ||    25
       Mephitic Cloud    |       |       |    11 ||    11
Evoke: Wand              |       |       |     2 ||     2
  Use: Scroll            |       |     2 |     5 ||     7
       Potion            |       |     1 |     6 ||     7
 Stab: Sleeping          |     1 |     1 |     6 ||     8
       Confused          |       |       |     3 ||     3
Armor: Skin              |     1 |     7 |     4 ||    12
Dodge: Dodged            |    19 |    36 |    90 ||   145
Block: Buckler           |       |       |    10 ||    10
